 Seeded DCSS version 0.31-a0-83-gbff143cfd1 (webtiles) character file.

Game seed: 20230524 (custom seed)

391 Darkkill the Shooter (level 6, -5/53 HPs)
             Began as a Minotaur Hunter on May 24, 2023.
             Slain by a gnoll
             ... wielding a +0 club
              (6 damage)
             ... on level 4 of the Dungeon.
             The game lasted 00:07:16 (2933 turns).

Darkkill the Shooter (Minotaur Hunter)              Turns: 2933, Time: 00:07:16

Health: -5/53      AC:  3    Str: 16    XL:     6   Next: 50%
Magic:  5/5        EV: 13    Int:  6    God:
Gold:   183        SH:  0    Dex: 15    Spells: 5/5 levels left

rFire   . . .        a - +1 shortbow
rCold   . . .        (shield currently unavailable)
rNeg    . . .        c - +0 leather armour
rPois   .            (helmet restricted)
rElec   .            (no cloak)
rCorr   .            (no gloves)
SInv    .            (no boots)
Will    .....        (no amulet)
Stlth   ++           (no ring)
HPRegen 0.28/turn    (no ring)
MPRegen 0.09/turn

%: no passive effects
@: no status effects
A: horns 2, retaliatory headbutt
a: no special abilities


You were on level 4 of the Dungeon.
You visited 1 branch of the dungeon, and saw 4 of its levels.

You collected 183 gold pieces.

Inventory:

Hand Weapons
 a - a +1 shortbow (weapon)
Missiles
 f - 56 stones
 g - 5 boomerangs
Armour
 c - a +0 leather armour (worn)
Scrolls
 b - a scroll of immolation
 l - a scroll of brand weapon {unknown}
 m - a scroll of silence {unknown}
 n - a scroll of amnesia {unknown}
 p - a scroll of torment {unknown}
Potions
 d - a potion of ambrosia {unknown}
 e - 3 potions of curing {unknown}
 h - a potion of enlightenment
 i - a potion of resistance {unknown}
 j - a potion of berserk rage {unknown}
 k - 2 potions of heal wounds {unknown}
 o - a potion of degeneration {unknown}


   Skills:
 + Level 4.6 Fighting
 + Level 5.7 Ranged Weapons
 + Level 4.2 Dodging
 + Level 3.0 Stealth


You had 5 spell levels left.
You didn't know any spells.
Your spell library contained the following spells:

 Spells                   Type           Power      Damage    Failure   Level
 Freeze                   Ice            0%         1d3       52%         1
 Kiss of Death            Conj/Necr      0%         2d5       52%         1
 Confusing Touch          Hex            0%         N/A       88%         3
 Frozen Ramparts          Ice            0%         1d1       88%         3
 Hailstorm                Conj/Ice       0%         3d3       88%         3
 Dispel Undead            Necr           0%         3d6       99%         4


Dungeon Overview and Level Annotations

Branches:
Dungeon (4/15)
 Temple: D:4-7

Altars:
Elyvilon
Makhleb
Okawaru
Xom


Innate Abilities, Weirdness & Mutations

You have a pair of horns on your head.
You reflexively headbutt those who attack you in melee.


Message History

You are too injured to fight recklessly!
You are too injured to fight recklessly!
Fire: a) +1 shortbow
Press: ? - help, Q - select action, (/) - cycle Shift-Dir - straight line, f/p - Edmund
Aim: Edmund, wielding a +2 dire flail of protection and wearing a +0 ring mail (heavily wounded, 68% to hit)
You shoot an arrow.
The arrow hits Edmund but does no damage.
Edmund is heavily wounded.
Edmund hits you with a +2 dire flail of protection.
Fire: a) +1 shortbow
Press: ? - help, Q - select action, (/) - cycle Shift-Dir - straight line, f/p - Edmund
Aim: Edmund, wielding a +2 dire flail of protection and wearing a +0 ring mail (heavily wounded, 68% to hit)
You shoot an arrow.
The arrow hits Edmund but does no damage.
Edmund is heavily wounded.
Edmund says, "I might not be good at magic, but I can still kill you!"
Edmund barely misses you. You furiously retaliate!
You headbutt Edmund!
Fire: a) +1 shortbow
Press: ? - help, Q - select action, (/) - cycle Shift-Dir - straight line, f/p - Edmund
Aim: Edmund, wielding a +2 dire flail of protection and wearing a +0 ring mail (severely wounded, 68% to hit)
You shoot an arrow. The arrow hits Edmund!
Edmund is almost dead.
Edmund hits you with a +2 dire flail of protection!
* * * LOW HITPOINT WARNING * * *
Fire: a) +1 shortbow
Press: ? - help, Q - select action, (/) - cycle Shift-Dir - straight line, f/p - Edmund
Aim: Edmund, wielding a +2 dire flail of protection and wearing a +0 ring mail (almost dead, 68% to hit)
You shoot an arrow. The arrow hits Edmund.
You kill Edmund!
Your Dodging skill increases to level 4!
Fire: a) +1 shortbow
Press: ? - help, Q - select action, (/) - cycle Shift-Dir - straight line, f - you Really target yourself?
Okay, then.
A gnoll comes into view. It is wielding a +1 spear of venom.
You are too injured to fight recklessly!
A gnoll is nearby!
You are too injured to fight recklessly!
You are too injured to fight recklessly!
A gnoll is nearby!
Fire: a) +1 shortbow
Press: ? - help, Q - select action, (/) - cycle Shift-Dir - straight line, f - gnoll
Aim: a gnoll, wielding a +1 spear of venom (wandering, hasn't noticed you, 68% to hit)
You shoot an arrow. The gnoll shouts!
The arrow hits the gnoll!
The gnoll is heavily wounded.
A gnoll comes into view. It is wielding a +0 club.
Fire: a) +1 shortbow
Press: ? - help, Q - select action, (/) - cycle Shift-Dir - straight line, f/p - gnoll
Aim: a gnoll, wielding a +1 spear of venom (heavily wounded, 68% to hit)
You shoot an arrow. The arrow hits the gnoll!
You kill the gnoll!
A gnoll comes into view. It is wielding a +0 whip.
Your Stealth skill increases to level 3!
Fire: a) +1 shortbow
Press: ? - help, Q - select action, (/) - cycle Shift-Dir - straight line, f - gnoll
Aim: a gnoll, wielding a +0 club (68% to hit)
You shoot an arrow. The gnoll shouts!
The arrow hits the gnoll.
The gnoll is lightly wounded.
Fire: a) +1 shortbow
Press: ? - help, Q - select action, (/) - cycle Shift-Dir - straight line, f/p - gnoll
Aim: a gnoll, wielding a +0 club (lightly wounded, 68% to hit)
You shoot an arrow. The arrow barely misses the gnoll.
Fire: a) +1 shortbow
Press: ? - help, Q - select action, (/) - cycle Shift-Dir - straight line, f/p - gnoll
Aim: a gnoll, wielding a +0 club (lightly wounded, 68% to hit)
You shoot an arrow. The arrow closely misses the gnoll.
Fire: a) +1 shortbow
Press: ? - help, Q - select action, (/) - cycle Shift-Dir - straight line, f/p - gnoll
Aim: a gnoll, wielding a +0 club (lightly wounded, 68% to hit)
You shoot an arrow. The arrow hits the gnoll.
The gnoll is moderately wounded.
A gnoll comes into view. It is wielding a +0 flail.
The gnoll moves out of view.
Fire: a) +1 shortbow
Press: ? - help, Q - select action, (/) - cycle Shift-Dir - straight line, f/p - gnoll
Aim: a gnoll, wielding a +0 club (moderately wounded, 68% to hit)
You shoot an arrow.
The arrow hits the gnoll but does no damage.
The gnoll is moderately wounded.
The gnoll hits you with a +0 club.
* * * LOW HITPOINT WARNING * * *
Fire: a) +1 shortbow
Press: ? - help, Q - select action, (/) - cycle Shift-Dir - straight line, f/p - gnoll
Aim: a gnoll, wielding a +0 club (moderately wounded, 68% to hit)
You shoot an arrow. The arrow hits the gnoll.
The gnoll is moderately wounded.
The gnoll hits you with a +0 club!
* * * LOW HITPOINT WARNING * * *
Fire: a) +1 shortbow
Press: ? - help, Q - select action, (/) - cycle Shift-Dir - straight line, f/p - gnoll
Aim: a gnoll, wielding a +0 club (moderately wounded, 68% to hit)
You shoot an arrow. The arrow barely misses the gnoll.
The gnoll hits you with a +0 whip.
* * * LOW HITPOINT WARNING * * *
The gnoll hits you with a +0 club.
You die...

.#............##.....#........#
.#.....#...#.........#........#.
###........#........##...#......
###.............###..###........
.#..............# ##...#.......#
..#...........†.# #...........#
...............#####............
........#........#.#............
.^.#....##.....g@#...#..........
...#....#..<...g.....###........
#.......###....##.....###......#
##............. #..)..# ....###
#........... #............. ....
..... #..#.##.....## ...) ..###.
... .... .... .. .. .... ...


You could see 2 gnolls.

Vanquished Creatures
  Edmund (D:4)
  A phantom (D:4)
  A hound (D:4)
  An iguana (D:4)
  2 gnolls (D:4)
  2 adders
  2 worms
  4 dart slugs
  5 ball pythons
  11 endoplasms
  5 giant cockroaches
  6 goblins
  9 hobgoblins
  8 jackals (D:1)
  4 quokkas (D:3)
  6 bats
  4 frilled lizards
  10 kobolds
  4 rats
86 creatures vanquished.

Notes
Turn   | Place    | Note
-------+----------+-------------------------------------------
     0 | D:1      | Darkkill the Minotaur Hunter began the quest for the Orb.
     0 | D:1      | Reached XP level 1. HP: 18/18 MP: 0/0
    88 | D:1      | HP: 3/18 [hobgoblin (4)]
    98 | D:1      | Reached skill level 1 in Stealth
   232 | D:1      | Reached XP level 2. HP: 25/25 MP: 1/1
   377 | D:1      | HP: 5/25 [jackal (3)]
   377 | D:1      | HP: 1/25 [kobold/+0 whip (4)]
   654 | D:1      | Reached XP level 3. HP: 31/31 MP: 2/2
  1641 | D:2      | Found a faded altar of an unknown god.
  1956 | D:3      | Reached XP level 4. HP: 38/38 MP: 3/3
  2183 | D:3      | Reached skill level 5 in Ranged Weapons
  2226 | D:3      | Found a burning altar of Makhleb.
  2237 | D:3      | Found a white marble altar of Elyvilon.
  2375 | D:3      | Found an iron altar of Okawaru.
  2386 | D:3      | Found a shimmering altar of Xom.
  2567 | D:4      | Reached XP level 5. HP: 46/46 MP: 4/4
  2848 | D:4      | Noticed a phantom
  2856 | D:4      | Killed a phantom
  2870 | D:4      | Reached XP level 6. HP: 52/52 MP: 5/5
  2909 | D:4      | Noticed Edmund
  2921 | D:4      | Killed Edmund
  2932 | D:4      | HP: 7/53 [gnoll/+0 club (8)]
  2933 | D:4      | HP: 1/53 [gnoll/+0 whip (6)]
  2933 | D:4      | Slain by a gnoll

Illustrated notes

Levels and vault maps discovered:
D:1:      onia_arrival_mini_spirals, layout_loops_cross, st_stairs_1
D:2:      layout_loops_corners, ebering_ecumenical_altar_ruins
D:3:      layout_loops_ring, nicolae_overflow_quartered_altars,
          nicolae_figureground_sparkle
D:4:      layout_cave_pools, sigmund_army, uniq_blork_the_orc, uniq_menkaure,
          uniq_edmund

Skill      XL: |  1  2  3  4  5  6 |
---------------+-------------------+-----
Stealth        | 1 2 3 |  3.0
Fighting       | 3 4 |  4.6
Dodging        | 3 4 |  4.2
Ranged Weapons | 5 |  5.7

Action                     |  1- 3 |  4- 6 || total
---------------------------+-------+-------++-------
   Fire: Shortbow          |   149 |   122 ||   271
    Use: Scroll            |     3 |       ||     3
 Armour: Leather armour    |    11 |     3 ||    14
  Dodge: Dodged            |    49 |    23 ||    72

Table legend: (Time is in decaauts)
 A = Elapsed time spent in this place.
 B = Non-inter-level travel time spent in this place.
 C = Inter-level travel time spent in this place.
 D = Time resting spent in this place.
 E = Time spent auto-exploring this place.
 F = Levels seen in this place.
 G = Mean time per level.
                   A        B        C        D        E       F      G
               +--------+--------+--------+--------+--------+-----+--------+
         Total |   2982 |   2723 |    259 |      0 |   2248 |   4 |  745.5 |
       Dungeon |   2982 |   2723 |    259 |      0 |   2248 |   4 |  745.5 |
               +--------+--------+--------+--------+--------+-----+--------+

Top non-repeatable levels by time:
     D:1: 959 daAuts
     D:2: 936 daAuts
     D:3: 617 daAuts
     D:4: 468 daAuts

Levels and vault maps discovered:
D:1:      onia_arrival_mini_spirals, layout_loops_cross, st_stairs_1
D:2:      layout_loops_corners, ebering_ecumenical_altar_ruins
D:3:      layout_loops_ring, nicolae_overflow_quartered_altars,
          nicolae_figureground_sparkle
D:4:      layout_cave_pools, sigmund_army, uniq_blork_the_orc, uniq_menkaure,
          uniq_edmund

Table legend: (Time is in decaauts)
 A = Elapsed time spent in this place.
 B = Non-inter-level travel time spent in this place.
 C = Inter-level travel time spent in this place.
 D = Time resting spent in this place.
 E = Time spent auto-exploring this place.
 F = Levels seen in this place.
 G = Mean time per level.
                   A        B        C        D        E       F      G
               +--------+--------+--------+--------+--------+-----+--------+
         Total |   2982 |   2723 |    259 |      0 |   2248 |   4 |  745.5 |
       Dungeon |   2982 |   2723 |    259 |      0 |   2248 |   4 |  745.5 |
               +--------+--------+--------+--------+--------+-----+--------+

Top non-repeatable levels by time:
     D:1: 959 daAuts
     D:2: 936 daAuts
     D:3: 617 daAuts
     D:4: 468 daAuts

Table legend:
 A = Kills in this place as a percentage of kills in the entire game.
 B = Kills by you in this place as a percentage of kills by you in the entire game.
 C = Kills by friends in this place as a percentage of kills by friends in the entire game.
 D = Other kills in this place as a percentage of other kills in the entire game.
 E = Experience gained in this place as a percentage of experience gained in the entire game.
 F = Experience gained in this place divided by the number of levels of this place that you have seen.
                   A       B       C       D       E      F
               +-------+-------+-------+-------+-------+----------------------
         Total | 100.0 | 100.0 |   N/A |   N/A | 100.0 | 139.8
       Dungeon | 100.0 | 100.0 |   N/A |   N/A | 100.0 | 139.8
               +-------+-------+-------+-------+-------+----------------------
